 Dungeon Crawl Stone Soup version 0.32-a0-630-g46d191b0ed (webtiles) character file.

Game seed: 3470063953463007155

75553 porpoise the Fighter (level 15, -5/125 HPs)
             Began as a Demonspawn Gladiator on Mar 7, 2024.
             Was a High Priest of Uskayaw.
             Killed from afar by a tengu reaver (45 damage)
             ... with a bolt of lightning
             ... on level 15 of the Dungeon.
             The game lasted 01:17:14 (24806 turns).

porpoise the Fighter (Demonspawn Gladiator)        Turns: 24806, Time: 01:17:15

Health: -5/125     AC: 17    Str: 18    XL:     15   Next: 10%
Magic:  24/24      EV: 21    Int:  5    God:    Uskayaw [*****.]
Gold:   1180       SH:  0    Dex: 24    Spells: 14/14 levels left

rFire   . . .        b - +8 rapier "Worm" {venom, rPois Str+4 Int-5 Dex+3}
rCold   . . .        (no shield)
rNeg    . . .        h - +3 ring mail {Will+}
rPois   +            (helmet unavailable)
rElec   .            k - +2 cloak
rCorr   .            y - +0 pair of gloves
SInv    .            v - +0 pair of boots
Will    ++...        E - amulet of faith
Stlth   +++++        g - +4 ring of protection
HPRegen 0.40/turn    U - +5 ring of evasion
MPRegen 0.19/turn

%: faith
@: no status effects
A: horns 3, repulsion field 1, ignite blood 3, powered by death 1
a: Renounce Religion, Stomp, Line Pass, Grand Finale


You were on level 15 of the Dungeon.
You worshipped Uskayaw.
Uskayaw was pleased with you.
You visited 3 branches of the dungeon, and saw 21 of its levels.
You also visited: Bailey.

You collected 1501 gold pieces.
You spent 321 gold pieces at shops.

Inventory:

Hand Weapons
 a - the +8 longbow "Zephyr" {speed, Dex+3 SInv}
   (You found it on level 13 of the Dungeon)

   Dex+3:     It affects your dexterity (+3).
   SInv:      It lets you see invisible.
 b - the +8 rapier "Worm" (weapon) {venom, rPois Str+4 Int-5 Dex+3}
   (You found it on level 11 of the Dungeon)

   Str+4:     It affects your strength (+4).
   Int-5:     It affects your intelligence (-5).
   Dex+3:     It affects your dexterity (+3).
   rPois:     It protects you from poison.
 c - a +4 sling of draining
 w - a +4 short sword of venom
 C - a +2 falchion of holy wrath
 N - a +1 scimitar of flaming
 P - a +3 heavy broad axe
 Q - the +6 dagger "Mippog" {flame, rPois rF- rC++ Stlth+}
   (You found it on level 6 of the Dungeon)

   rF-:       It makes you vulnerable to fire.
   rC++:      It greatly protects you from cold.
   rPois:     It protects you from poison.
   Stlth+:    It makes you more stealthy.
Missiles
 d - 3 throwing nets
 T - a curare-tipped dart
Armour
 h - a +3 ring mail of willpower (worn)
 k - a +2 cloak (worn)
 v - a +0 pair of boots (worn)
 y - a +0 pair of gloves (worn)
 F - the +5 chain mail "Sinisecs" {Will++}
   (You found it on level 12 of the Dungeon)

   Will++:    It greatly increases your willpower.
 G - a +0 buckler
 I - a +3 leather armour
 W - a scarf of shadows
Jewellery
 g - a +4 ring of protection (left hand)
 s - a ring of protection from fire
 t - a ring of protection from cold
 E - an amulet of faith (around neck)
 S - a ring of resist corrosion
 U - a +5 ring of evasion (right hand)
 V - a +4 ring of protection
Wands
 q - a wand of mindburst (39)
 K - a wand of light (6)
 R - a wand of paralysis (22)
 X - a wand of flame (32)
 Y - a wand of warping (5)
Scrolls
 m - 4 scrolls of fog
 p - 2 scrolls of poison
 r - 4 scrolls of teleportation
 z - a scroll of brand weapon {unknown}
 A - a scroll of revelation
 B - 2 scrolls of vulnerability
 M - 2 scrolls of summoning
 Z - a scroll of fear
Potions
 e - 11 potions of ambrosia
 f - 3 potions of invisibility
 i - a potion of magic {unknown}
 j - 9 potions of curing
 l - 2 potions of resistance
 n - a potion of enlightenment {unknown}
 u - 5 potions of attraction
 D - 2 potions of cancellation
 H - 2 potions of lignification
 J - 5 potions of haste
 L - 2 potions of might
 O - a potion of berserk rage
Miscellaneous
 o - a phial of floods
 x - a phantom mirror


   Skills:
 + Level 13.9 Fighting
 - Level 12.0(12.5) Short Blades
 - Level 6.1(9.9) Long Blades
 * Level 5.3 Ranged Weapons
 - Level 1.7 Throwing
 - Level 0.2 Armour
 - Level 5.0 Dodging
 - Level 12.0 Stealth
 - Level 5.0 Shields
 - Level 12.0 Invocations
 - Level 7.0 Evocations


You had 14 spell levels left.
You didn't know any spells.
Your spell library contained the following spells:

 Spells                   Type           Power      Damage    Failure   Level
 Magic Dart               Conj           0%         1d3       67%         1
 Shock                    Conj/Air       0%         1d3       67%         1
 Blink                    Tloc           0%         N/A       82%         2
 Call Imp                 Summ           0%         N/A       82%         2
 Ensorcelled Hibernation  Hex/Ice        0%         N/A       82%         2
 Lesser Beckoning         Tloc           0%         N/A       82%         2
 Momentum Strike          Conj/Tloc      0%         3d8       82%         2
 Dazzling Flash           Conj/Hex       0%         N/A       96%         3
 Fugue of the Fallen      Necr           0%         N/A       96%         3
 Gell's Gravitas          Tloc           0%         N/A       96%         3
 Swiftness                Air            0%         N/A       96%         3
 Teleport Other           Tloc           0%         N/A       96%         3
 Volatile Blastmotes      Fire/Tloc      0%         2d10      96%         3
 Airstrike                Air            0%         2d(0-16)  100%        4
 Anguish                  Hex/Necr       0%         N/A       100%        4
 Cause Fear               Hex            0%         N/A       100%        4
 Ignite Poison            Fire/Alch      0%         N/A       100%        4
 Manifold Assault         Tloc           0%         N/A       100%        4
 Sticky Flame             Fire/Alch      0%         2d4       100%        4
 Vhi's Electric Charge    Tloc/Air       0%         N/A       100%        4
 Arcjolt                  Conj/Air       0%         1d10      100%        5
 Fireball                 Conj/Fire      0%         3d3       100%        5
 Summon Forest            Summ/Tloc      0%         N/A       100%        5
 Summon Mana Viper        Hex/Summ       0%         N/A       100%        5
 Dispersal                Tloc           0%         N/A       100%        6
 Plasma Beam              Fire/Air       0%         2x1d10    100%        6
 Starburst                Conj/Fire      0%         6d3       100%        6
 Summon Cactus Giant      Summ           0%         N/A       100%        6
 Disjunction              Tloc           0%         N/A       100%        8
 Ignition                 Fire           0%         3d3       100%        8
 Maxwell's Capacitive Co  Air            0%         ∞         100%        8
 Dragon's Call            Summ           0%         N/A       100%        9


Dungeon Overview and Level Annotations

Branches:
Dungeon (15/15)            Temple (1/1) D:6            Lair (5/5) D:10
  Swamp (0/4) Lair:2        Snake (0/4) Lair:3        Slime (0/5) Lair:4
    Orc (0/2) D:10         Vaults (0/5) D:14         Bailey (visited)
 Depths: D:15

Altars:
Ashenzari
Cheibriados
Dithmenos
Fedhas
Gozag
Hepliaklqana
Kikubaaqudgha
Makhleb
Nemelex Xobeh
Okawaru
Qazlal
Ru
Sif Muna
Trog
Uskayaw
Vehumet
Wu Jian
Xom
Yredelemnul

Shops:
D:6 *   D:10 *

Annotations:
D:5 3 runed translucent doors, LobsterGuardian's ghost, novice OpEE
D:6 exclusion: upstairs
D:10 Fannar


Innate Abilities, Weirdness & Mutations

You have a pair of large horns on your head.
You are surrounded by a mild repulsion field. (EV +2)
Your demonic aura causes all spilled blood to erupt in flames.
You regenerate a little health from kills.


Message History

Things that are here:
a +0 whip; a +0 robe You shoot an arrow.
The arrow hits the tengu warrior!!
The tengu warrior is almost dead.
The tengu reaver is no longer paralysed.
The tengu warrior is no longer paralysed.
The tengu warrior is no longer sharing its pain.
The tengu reaver hits you with a +0 long sword!!
The tengu reaver pecks you but does no damage.
The tengu reaver claws you but does no damage.
The tengu warrior is engulfed in blazing flames.
You kill the tengu warrior!
The tengu reaver gestures at you while chanting.
The bolt of negative energy misses you.
You can now merge with and destroy a victim.
You shoot an arrow. The tengu reaver blocks the arrow.
The tengu reaver is no longer sharing its pain.
The tengu reaver misses you. The tengu reaver closely misses you.
The tengu reaver barely misses you.
Unknown command.
You feel stronger.
You feel stupid.
You feel agile.
The +8 rapier "Worm" {venom, rPois Str+4 Int-5 Dex+3} begins to drip with poison!
b - the +8 rapier "Worm" (weapon)
{venom, rPois Str+4 Int-5 Dex+3} The tengu reaver blocks your attack.
The tengu reaver is lightly wounded.
The tengu reaver hits you with a +0 long sword!!
The tengu reaver pecks you but does no damage.
The tengu reaver claws you but does no damage.
The tengu reaver blocks your attack.
You headbutt the tengu reaver!
The tengu reaver is moderately wounded.
You puncture the tengu reaver!
The tengu reaver is poisoned.
You headbutt the tengu reaver, but do no damage.
The tengu reaver is moderately wounded.
The tengu reaver is engulfed in blazing flames.
The tengu reaver gestures at you while chanting.
The bolt of lightning hits you!!!
You die...
Your body falls in perfect tune with the rhythm.

#.# #.#
#.####.#
#.....#
####.##
#.### #.☼.#
##☼°# #@$#
......Q....#
...........#
#.###.###.##
.# #. .. .#
.. .# ###


You could see a tengu reaver (repels missiles, very poisoned).

Vanquished Creatures
  A dire elephant (Lair:5)
  Azrael (D:12)
  Josephine (D:14)
  4 hydras
  3 vault guards (D:14)
  A merfolk avatar (Lair:5)
  A ghost crab (Lair:2)
  An ogre mage (D:15)
  A catoblepas (Lair:4)
  A death knight (D:11)
  5 death yaks (Lair:4)
  4 boulder beetles
  3 centaur warriors (D:13)
  2 tengu warriors
  Amaemon (Lair:3)
  5 skysharks
  A sea snake (Lair:5)
  4 arcanists
  A spectral hydra (Lair:2)
  2 harpies (Lair:5)
  2 orc knights
  A spectral boulder beetle (Lair:2)
  An ugly thing (D:13)
  A necromancer (D:14)
  2 cyclopes
  5 large abominations (D:13)
  4 manticores
  3 meliai (D:13)
  16 elephants (Lair:5)
  7 black mambas
  A gargoyle (D:12)
  An orange demon (Lair:3)
  Joseph (D:10)
  7 cane toads
  4 unseen horrors
  7 komodo dragons
  3 kobold demonologists (D:12)
  3 rime drakes
  A yaktaur (D:14)
  A tengu conjurer (D:15)
  A queen bee (D:9)
  6 trolls
  A wind drake (Lair:5)
  4 polar bears
  A blink frog (shapeshifter) (D:15)
  7 hornets
  11 blink frogs
  6 dream sheep (Lair:5)
  11 slime creatures
  6 wraiths
  4 wyverns
  17 humans (D:14)
  24 yaks
  Eustachio (D:6)
  2 fire elementals (D:12)
  2 steam dragons
  Grum (D:10)
  A hog (shapeshifter) (D:14)
  2 basilisks
  5 vampire mosquitoes (D:11)
  2 nagas (Lair:3)
  6 small abominations (D:13)
  4 hell hounds (D:12)
  14 water moccasins
  A spectral torpor snail (Lair:2)
  12 orc warriors
  A spectral blink frog (Lair:2)
  An ice beast (D:5)
  3 black bears
  2 ogres (D:5)
  A sky beast (D:6)
  3 centaurs (D:10)
  8 wolves
  A boggart (D:11)
  A phantom (D:5)
  Blork the orc (D:4)
  8 kobold brigands
  A spectral water moccasin (Lair:2)
  8 bullfrogs
  5 scorpions
  18 wights
  A spectral wolf (Lair:2)
  29 killer bees
  7 howler monkeys
  2 hounds (D:5)
  8 jellies
  A bombardier beetle (D:5)
  A gnoll bouda (D:5)
  2 iguanas (D:6)
  Jessica (D:2)
  2 sleepcaps (D:6)
  7 orc wizards
  13 gnolls
  A gnoll (shapeshifter) (D:14)
  8 adders
  A white imp (D:5)
  A ribbon worm (D:3)
  4 dart slugs
  38 orcs
  6 endoplasms
  7 giant cockroaches
  5 goblins
  6 hobgoblins
  5 quokkas
  7 ball pythons
  4 bats
  3 frilled lizards
  34 kobolds
  3 rats
  A butterfly (Lair:3)
536 creatures vanquished.

Vanquished Creatures (others)
  A kobold (D:10)
1 creature vanquished.

Grand Total: 537 creatures vanquished

Notes
Turn   | Place    | Note
-------+----------+-------------------------------------------
     0 | D:1      | porpoise the Demonspawn Gladiator began the quest for the
                  | Orb.
     0 | D:1      | Reached XP level 1. HP: 16/16 MP: 1/1
   137 | D:1      | Gained mutation: You have a pair of small horns on your
                  | head. [demonic ancestry]
   137 | D:1      | Reached XP level 2. HP: 4/22 MP: 2/2
   290 | D:1      | Found a faded altar of an unknown god.
   608 | D:1      | Gained mutation: You regenerate a little health from kills.
                  | [demonic ancestry]
   608 | D:1      | Reached XP level 3. HP: 28/28 MP: 3/3
  1088 | D:2      | Noticed Jessica
  1093 | D:2      | Killed Jessica
  1182 | D:2      | Gained mutation: You have a pair of horns on your head.
                  | [demonic ancestry]
  1182 | D:2      | Reached XP level 4. HP: 34/34 MP: 4/4
  1215 | D:2      | Reached skill level 3 in Fighting
  2567 | D:4      | Noticed Blork the orc
  2585 | D:4      | Killed Blork the orc
  2586 | D:4      | Gained mutation: Your demonic aura sometimes causes spilled
                  | blood to erupt in flames. [demonic ancestry]
  2586 | D:4      | Reached XP level 5. HP: 15/41 MP: 5/5
  3449 | D:4      | Reached skill level 5 in Long Blades
  3754 | D:5      | Entered Level 5 of the Dungeon
  3763 | D:5      | Reached XP level 6. HP: 48/48 MP: 6/6
  3784 | D:5      | Reached skill level 4 in Fighting
  3813 | D:5      | Found a runed translucent gate.
  3813 | D:5      | Found a runed translucent gate.
  3818 | D:5      | Found a runed translucent gate.
  3890 | D:5      | Noticed LobsterGuardian's ghost (novice OpEE)
  3902 | D:5      | Found a hazy altar of Hepliaklqana.
  4067 | D:5      | Found a hide-covered altar of Uskayaw.
  4071 | D:5      | Found a sparkling altar of Nemelex Xobeh.
  4268 | D:5      | Noticed an ice beast
  4276 | D:5      | Killed an ice beast
  4277 | D:5      | Reached skill level 1 in Stealth
  4277 | D:5      | Reached XP level 7. HP: 55/55 MP: 7/7
  4307 | D:5      | Reached skill level 1 in Short Blades
  4318 | D:5      | Reached skill level 5 in Fighting
  4864 | D:5      | Gained mutation: Your demonic aura often causes spilled
                  | blood to erupt in flames. [demonic ancestry]
  4864 | D:5      | Reached XP level 8. HP: 64/64 MP: 8/8
  5217 | D:6      | Reached skill level 6 in Fighting
  5360 | D:6      | Identified the +6 dagger "Mippog" {flame, rPois rF- rC++
                  | Stlth+}
  5611 | D:6      | Found a staircase to the Ecumenical Temple.
  5625 | Temple   | Entered the Ecumenical Temple
  5670 | D:6      | Found Duff's General Store.
  5700 | D:6      | Noticed Eustachio
  5718 | D:6      | Killed Eustachio
  5989 | D:5      | Became a worshipper of Uskayaw the Reveller
  6142 | D:7      | Reached * piety under Uskayaw
  6145 | D:7      | Reached ** piety under Uskayaw
  6173 | D:6      | Bought a +4 sling of draining for 321 gold pieces
  6197 | D:6      | Reached *** piety under Uskayaw
  6199 | D:6      | Reached skill level 7 in Fighting
  6199 | D:6      | Reached skill level 5 in Stealth
  6199 | D:6      | Reached **** piety under Uskayaw
  6202 | D:6      | Reached ***** piety under Uskayaw
  6203 | D:6      | Reached XP level 9. HP: 41/72 MP: 9/9
  6461 | D:7      | Reached skill level 5 in Short Blades
  6521 | D:7      | Found a shimmering blue altar of Sif Muna.
  6575 | D:7      | Identified the +7 chain mail of Karo {rC+ rN+ Int+5}
  6755 | D:7      | Found a shadowy altar of Dithmenos.
  7529 | D:7      | Found an iron altar of Okawaru.
  7586 | D:8      | Found a radiant altar of Vehumet.
  7641 | D:8      | Found a flagged portal.
  7651 | Bailey   | Entered a bailey
  8309 | Bailey   | Noticed an orc knight
  8318 | Bailey   | Reached XP level 10. HP: 44/79 MP: 10/10
  8340 | Bailey   | Killed an orc knight
  9131 | D:8      | Found a blossoming altar of Fedhas.
  9527 | D:9      | Found a sacrificial altar of Ru.
  9580 | D:9      | Found a burning altar of Makhleb.
  9995 | D:9      | Reached ****** piety under Uskayaw
 10021 | D:9      | Reached skill level 10 in Stealth
 10143 | D:10     | Entered Level 10 of the Dungeon
 10150 | D:10     | Reached skill level 1 in Invocations
 10194 | D:10     | Reached skill level 1 in Evocations
 10204 | D:10     | Gained mutation: You are surrounded by a mild repulsion
                  | field. (EV +2) [demonic ancestry]
 10204 | D:10     | Reached XP level 11. HP: 43/84 MP: 10/12
 10208 | D:10     | Noticed Grum
 10219 | D:10     | Killed Grum
 10472 | D:10     | Noticed Fannar
 10519 | D:10     | Found Jetof's Neck Hole.
 10703 | D:10     | Found an opulent altar of Gozag.
 10710 | D:10     | Found a staircase to the Orcish Mines.
 10802 | D:10     | Noticed Joseph
 10809 | D:10     | Killed Joseph
 11012 | D:10     | Reached skill level 8 in Fighting
 11037 | D:10     | Found a staircase to the Lair.
 11194 | Lair:1   | Entered Level 1 of the Lair of Beasts
 11212 | Lair:1   | Reached skill level 5 in Invocations
 13185 | Lair:2   | Reached skill level 5 in Evocations
 13188 | Lair:2   | Reached skill level 9 in Fighting
 13499 | Lair:2   | Identified the +5 ring mail of Kollist {Will++}
 13675 | Lair:2   | Found an ornate altar of the Wu Jian Council.
 13830 | Lair:2   | Reached skill level 5 in Dodging
 13840 | Lair:2   | Gained mutation: You have a pair of large horns on your
                  | head. [demonic ancestry]
 13840 | Lair:2   | Reached XP level 12. HP: 95/95 MP: 17/17
 13941 | Lair:2   | Found a staircase to the Swamp.
 13941 | Lair:2   | Noticed a ghost crab
 13954 | Lair:2   | Killed a ghost crab
 14311 | Lair:3   | Found a staircase to the Snake Pit.
 14659 | Lair:3   | Noticed Amaemon
 14673 | Lair:3   | Killed Amaemon
 15877 | Lair:4   | Noticed a catoblepas
 15888 | Lair:4   | Killed a catoblepas
 15889 | Lair:4   | Reached skill level 10 in Short Blades
 15891 | Lair:4   | Reached skill level 10 in Fighting
 16283 | Lair:4   | Noticed a four-headed hydra
 16296 | Lair:4   | Killed a four-headed hydra
 16481 | Lair:4   | Found a staircase to the Slime Pits.
 16616 | Lair:4   | Noticed a death yak
 16617 | Lair:4   | Noticed a death yak
 16619 | Lair:4   | Noticed a death yak
 16619 | Lair:4   | Noticed a death yak
 16635 | Lair:4   | Killed a death yak
 16642 | Lair:4   | Noticed a death yak
 16646 | Lair:4   | Killed a death yak
 16647 | Lair:4   | Reached skill level 10 in Invocations
 16647 | Lair:4   | Gained mutation: Your demonic aura causes all spilled blood
                  | to erupt in flames. [demonic ancestry]
 16647 | Lair:4   | Reached XP level 13. HP: 64/104 MP: 20/20
 17175 | Lair:5   | Entered Level 5 of the Lair of Beasts
 17846 | Lair:5   | Reached skill level 11 in Fighting
 18025 | Lair:5   | Noticed a dire elephant
 18037 | Lair:5   | Killed a dire elephant
 18457 | Lair:5   | Reached skill level 12 in Fighting
 18535 | Lair:5   | Reached skill level 1 in Shields
 18621 | Lair:5   | Reached XP level 14. HP: 112/115 MP: 23/23
 19911 | D:11     | You fall into a shaft and drop 3 floors!
 20907 | D:12     | Identified the +5 chain mail "Sinisecs" {Will++}
 20921 | D:12     | Noticed Azrael
 20946 | D:12     | Killed Azrael
 21647 | D:11     | Identified the +6 trident "Kienlec" {vamp, rElec Will+}
 22030 | D:11     | Identified the +8 rapier "Worm" {venom, rPois Str+4 Int-5
                  | Dex+3}
 22097 | D:11     | Reached skill level 5 in Shields
 23078 | D:13     | Reached skill level 13 in Fighting
 23492 | D:13     | Found the +8 longbow "Zephyr" {speed, Dex+3 SInv}
 23886 | D:14     | Identified the +4 scale mail "Reogou" {rC+ Will+ Regen+
                  | Slay+2}
 23904 | D:14     | Found an ornate altar of the Wu Jian Council.
 23935 | D:14     | Reached skill level 1 in Ranged Weapons
 24151 | D:14     | Found a gate to the Vaults.
 24547 | D:14     | Noticed Josephine
 24566 | D:14     | Killed Josephine
 24570 | D:14     | Reached XP level 15. HP: 125/125 MP: 24/24
 24700 | D:15     | Entered Level 15 of the Dungeon
 24788 | D:15     | Reached skill level 5 in Ranged Weapons
 24796 | D:15     | Noticed a tengu reaver
 24806 | D:15     | Killed from afar by a tengu reaver

Illustrated notes

Levels and vault maps discovered:
D:1:      saegor_arrival_simple_d, layout_basic,
          hellmonk_ecumenical_altar_pennies_from_heaven, minmay_pentomino_t4
D:2:      layout_rooms, nicolae_the_louvre, uniq_jessica
D:3:      layout_loops_cross
D:4:      layout_basic, good_gods_mini_temple, uniq_blork_the_orc
D:5:      layout_loops_ring, nicolae_overflow_hidden_temple,
          gammafunk_ghost_split, st_stairs_8, minmay_misc_feat_diagonals,
          dk_rats_in_the_wall
D:6:      layout_rooms, minmay_temple_entry_waves, serial_shops, shop,
          minivault_22, uniq_eustachio
D:7:      layout_gridville, grunt_dithmenos_smoke, okawaru_altar_gauntlet_db,
          kennysheep_orc_sif_temple
D:8:      layout_basic, fedhas_altar_decomposition,
          mainiacjoe_overflow_concentric_impassable, enter_bailey_2,
          nicolae_titane
D:9:      layout_roguey, nicolae_ru_path_of_blood, mainiacjoe_overflow_alcove_1,
          serial_rivers, chequers_serial_rivers_micro_a,
          chequers_serial_rivers_micro_a, chequers_serial_rivers_micro_d,
          chequers_serial_rivers_small_b, chequers_serial_rivers_large_b,
          special_room [special_room_bee]
D:10:     layout_roguey, grunt_gozag_statues, grunt_lair_entry_orc_guard_hut,
          orc_david_3, minivault_16, st_stairs_9,
          nicolae_shop_sticking_my_neck_out, uniq_fannar, uniq_joseph, uniq_grum
D:11:     layout_gridville, wad_mini_maze
D:12:     layout_rooms, serial_curves, eino_curves_03, eino_curves_02,
          uniq_azrael
D:13:     layout_cross, laboratory
D:14:     layout_rooms, grunt_vaults_entry_tiered,
          pdpol_wu_jian_five_deadly_venoms, uniq_josephine
D:15:     grunt_enter_depths_snipers, layout_loops_corners, serial_shops,
          nicolae_shop_back_alley_shop, ashenzari_altar_1,
          hangedman_corner_corridor
Temple:   nicolae_temple_ecumenical_triangle
Lair:1:   layout_layer_cave, beast_lair_carwin_9
Lair:2:   layout_cave_pods, nicolae_swamp_entry_spooky, basic_altar,
          dreamdust_wasp_nest
Lair:3:   layout_chaotic_city, guppyfry_snake_entry_garden,
          serial_bayou_shore_a, infiniplex_staircase_pool_2,
          lemuel_fruit_fields, uniq_amaemon
Lair:4:   layout_big_grid, minmay_slime_entry_pillars, lemuel_fruit_tree
Lair:5:   gammafunk_lair_ancient_temple, layout_small_grid,
          infiniplex_staircase_pool

Skill      XL: |  1  2  3  4  5  6  7  8  9 10 11 12 13 14 15 |
---------------+----------------------------------------------+-----
Long Blades    | 3 4 5 6 |  6.1
Fighting       | 3 4 5 7 9 10 12 13 | 13.9
Stealth        | 1 3 5 7 10 11 12 | 12.0
Short Blades   | 2 4 7 9 10 11 12 | 12.0
Invocations    | 2 7 10 12 | 12.0
Evocations     | 1 5 7 |  7.0
Dodging        | 5 |  5.0
Shields        | 2 5 |  5.0
Ranged Weapons | 4 5 |  5.3
Throwing       | |  1.7
Armour         | |  0.2

Action                     |  1- 3 |  4- 6 |  7- 9 | 10-12 | 13-15 || total
---------------------------+-------+-------+-------+-------+-------++-------
  Melee: Long sword        |    85 |   142 |       |       |       ||   227
         Headbutt          |     7 |    28 |    66 |   141 |   184 ||   426
         Short sword       |       |     7 |    98 |       |       ||   105
         Dagger            |       |       |   155 |   515 |   542 ||  1212
         Falchion          |       |       |       |    28 |    40 ||    68
         War axe           |       |       |       |    17 |       ||    17
         Rapier            |       |       |       |       |    69 ||    69
   Fire: Sling             |       |    43 |    62 |    28 |    33 ||   166
         Longbow           |       |       |       |       |   138 ||   138
  Throw: Throwing net      |       |     3 |       |       |       ||     3
         Javelin           |       |       |     1 |     1 |       ||     2
         Dart              |       |       |       |       |     1 ||     1
 Invoke: Line Pass         |       |       |       |     1 |     1 ||     2
         Stomp             |       |       |       |     2 |       ||     2
         Grand Finale      |       |       |       |       |     1 ||     1
  Evoke: Wand              |       |       |       |       |     1 ||     1
    Use: Scroll            |       |    10 |     4 |     6 |     8 ||    28
         Potion            |       |       |     2 |     1 |     3 ||     6
   Stab: Held in net/web   |       |     1 |       |       |       ||     1
         Sleeping          |       |       |     7 |    26 |    11 ||    44
         Paralysed         |       |       |     9 |    40 |    37 ||    86
         Distracted        |       |       |       |       |     3 ||     3
 Armour: Leather armour    |    26 |       |       |       |   189 ||   215
         Ring mail         |    28 |   143 |   196 |   279 |   188 ||   834
  Dodge: Dodged            |    67 |   133 |   112 |   278 |   541 ||  1131
  Block: Buckler           |       |       |       |       |    71 ||    71

Table legend: (Time is in decaauts)
 A = Elapsed time spent in this place.
 B = Non-inter-level travel time spent in this place.
 C = Inter-level travel time spent in this place.
 D = Time resting spent in this place.
 E = Time spent auto-exploring this place.
 F = Levels seen in this place.
 G = Mean time per level.
                   A        B        C        D        E       F      G
               +--------+--------+--------+--------+--------+-----+--------+
         Total |  24467 |  23345 |   1122 |   6778 |  11907 |  22 | 1112.1 |
       Dungeon |  15919 |  15159 |    760 |   4152 |   7956 |  15 | 1061.3 |
        Temple |     31 |     19 |     12 |      0 |      0 |   1 |   31.0 |
          Lair |   7620 |   7270 |    350 |   2060 |   3927 |   5 | 1524.0 |
        Bailey |    895 |    895 |      0 |    566 |     23 |   1 |  895.0 |
               +--------+--------+--------+--------+--------+-----+--------+

Top non-repeatable levels by time:
  Lair:1: 1825 daAuts
    D:12: 1777 daAuts
  Lair:4: 1735 daAuts
  Lair:2: 1628 daAuts
    D:11: 1442 daAuts
     D:4: 1343 daAuts
     D:5: 1308 daAuts
     D:7: 1261 daAuts
    D:10: 1259 daAuts
  Lair:5: 1251 daAuts
    D:13: 1222 daAuts
  Lair:3: 1180 daAuts
     D:1: 1033 daAuts
     D:3: 1024 daAuts
     D:6: 999 daAuts
